 Dungeon Crawl Stone Soup version 0.28.0-53-g5a82cb258f (webtiles) character file.

Game seed: 18346226738445140936

8561 BeingJoeMalik the Arsonist (level 11, -1/81 HPs)
             Began as a Naga Fire Elementalist on June 26, 2022.
             Was a Follower of Vehumet.
             Slain by a boulder beetle (21 damage)
             ... on level 10 of the Dungeon.
             The game lasted 00:43:18 (12246 turns).

BeingJoeMalik the Arsonist (NaFE)                  Turns: 12246, Time: 00:43:18

Health: -1/81      AC: 13    Str: 10    XL:     11   Next: 32%
Magic:  1/23       EV: 13    Int: 25    God:    Vehumet [*.....]
Gold:   445        SH:  7    Dex: 13    Spells: 16/26 levels left

rFire   + . .      SeeInvis +   a - +0 whip (freeze)
rCold   + . .      Faith    .   x - +2 buckler {AC+3}
rNeg    + . .      Spirit   .   r - +1 leather armour {rN+}
rPois   +          Reflect  .   k - +0 helmet
rElec   +          Harm     .   F - +1 cloak {rCorr}
rCorr   +          Rampage  .   o - +0 pair of gloves
Will    +....                   (no barding)
Stlth   ++........              C - amulet of the acrobat
HPRegen 0.23/turn               f - +4 ring of evasion
MPRegen 0.18/turn               E - +6 ring of intelligence

@: mighty, resistant, very slow
A: AC +3, large, see invisible, deformed body, poison resistance, slowness 2,
spit poison 1, naga tail 1
a: Spit Poison, Renounce Religion


You were on level 10 of the Dungeon.
You worshipped Vehumet.
Vehumet was aware of your devotion.
You visited 2 branches of the dungeon, and saw 11 of its levels.

You collected 625 gold pieces.
You spent 180 gold pieces at shops.

Inventory:

Hand Weapons
 a - a +0 whip of freezing (weapon)
Missiles
 u - 3 boomerangs of dispersal
 v - 3 curare-tipped darts (quivered)
 w - 5 poisoned darts
 D - a throwing net
Armour
 k - a +0 helmet (worn)
 o - a +0 pair of gloves (worn)
 r - a +1 leather armour of positive energy (worn)
 x - a +2 buckler of protection (worn)
 F - a +1 cloak of preservation (worn)
Magical Staves
 m - a staff of poison
 t - a staff of death
Jewellery
 f - a +4 ring of evasion (left hand)
 C - an amulet of the acrobat (around neck)
 E - a +6 ring of intelligence (right hand)
Wands
 d - a wand of polymorph (2)
 g - a wand of iceblast (5)
 y - a wand of paralysis (14)
 G - a wand of flame (13)
Scrolls
 l - a scroll of enchant weapon {unknown}
 q - a scroll of fog
 z - 2 scrolls of teleportation
 H - a scroll of identify
 I - a scroll of immolation {unknown}
Potions
 e - a potion of attraction
 h - 3 potions of berserk rage
 i - a potion of flight
 j - 6 potions of curing
 n - 3 potions of mutation
 s - 2 potions of haste
 A - a potion of might
 B - 3 potions of degeneration


   Skills:
 - Level 1.5 Dodging
 - Level 3.0 Stealth
 * Level 3.9 Shields
 + Level 8.4 Spellcasting
 + Level 7.3 Conjurations
 + Level 12.3 Fire Magic


You had 16 spell levels left.
You knew the following spells:

 Your Spells              Type           Power      Damage    Failure   Level
a - Foxfire               Conj/Fire      100%       2x1d9     1%          1
b - Scorch                Fire           100%       2d10      1%          2
c - Conjure Flame         Conj/Fire      56%        6-21      1%          3
d - Flame Wave            Conj/Fire      56%        2d11      1%          4

Your spell library contained the following spells:

 Spells                   Type           Power      Damage    Failure   Level
 Sandblast                Erth           20%        2d7       10%         1
 Inner Flame              Hex/Fire       41%        N/A       2%          3
 Animate Skeleton         Necr           20%        N/A       10%         1
 Apportation              Tloc           20%        N/A       10%         1
 Summon Small Mammal      Summ           40%        N/A       10%         1
 Dispersal                Tloc           5%         N/A       100%        6
 Disjunction              Tloc           5%         N/A       100%        8
 Chain Lightning          Conj/Air       14%        3d18      100%        9
 Fire Storm               Conj/Fire      28%        8d7       100%        9
 Shatter                  Erth           5%         3d8*      100%        9


Dungeon Overview and Level Annotations

Branches:
Dungeon (10/15)            Temple (1/1) D:7            Lair (0/6) D:9
    Orc: D:9-12

Altars:
Ashenzari
Cheibriados
Dithmenos
Elyvilon
Fedhas
Gozag
Hepliaklqana
Kikubaaqudgha
Makhleb
Nemelex Xobeh
Okawaru
Qazlal
Ru
Sif Muna
Trog
Uskayaw
Vehumet
Wu Jian
Xom
Yredelemnul
Zin
The Shining One

Shops:
D:2 [   D:6 [


Innate Abilities, Weirdness & Mutations

Your serpentine skin is tough. (AC +3)
You have supernaturally acute eyesight. (SInv)
Armour fits poorly on your strangely shaped body.
Your system is resistant to poisons. (rPois)
You cover ground very slowly.
You can spit poison.
You have a snake-like lower body.


Message History

Aim: a centaur warrior, quivering arrows (almost dead, wandering, hasn't noticed you, 64% to hit)
You throw a curare-tipped dart.
The curare-tipped dart hits the centaur warrior.
The centaur warrior is poisoned.
The centaur warrior convulses.
You kill the centaur warrior!
Vehumet accepts your kill.
Unknown command.
Throw: 5 darts (curare)
Press: ? - help, Q - select action, (/) - cycle Shift-Dir - straight line, f - boulder beetle
Aim: a boulder beetle (89% to hit)
You throw a curare-tipped dart.
The curare-tipped dart hits the boulder beetle.
The boulder beetle is poisoned.
The boulder beetle convulses.
The boulder beetle seems to slow down.
The boulder beetle is lightly wounded.
You have got your breath back.
The boulder beetle barely misses you.
Throw: 4 darts (curare)
Press: ? - help, Q - select action, (/) - cycle Shift-Dir - straight line, f/p - boulder beetle
Aim: a boulder beetle (lightly wounded, very poisoned, slow, 89% to hit)
You throw a curare-tipped dart.
The curare-tipped dart hits the boulder beetle.
The boulder beetle looks as sick as possible!
The boulder beetle convulses.
The boulder beetle seems to be slow for longer.
The boulder beetle is lightly wounded.
The boulder beetle bites you!
* * * LOW HITPOINT WARNING * * *
Unknown command.
Unknown command.
Casting: Flame Wave (dangerous; 1% risk of failure)
Confirm with . or Enter, or press ? or * to list all spells.
Flames lash the boulder beetle.
The boulder beetle is moderately wounded.
The boulder beetle's fire resistance burns away.
Unknown command.
Unknown command.
You feel very mighty all of a sudden. The boulder beetle bites you!!
You die...

..# #####.######.# #.# #.#
#.# #.# ### #.#
##.######### #.###.####.#
#........... .....#.#...#
#.#.######## #.###.##...#
#.#.# #.###.##...# #.#.#
#........(.# #.#.#
..........######@#.#
#####.##........#B.#
#####.##.#######.###
..................#
######............#
######.#.######.(.#
##...(.#..........#######
##.#####.######ยง.........
##.# #.# ###.######.


You could see a boulder beetle (extremely poisoned, slow, combustible).

Vanquished Creatures
  A centaur warrior (D:10)
  2 two-headed ogres (D:10)
  3 death yaks
  Pikel (D:4)
  A hornet (D:9)
  2 shadows
  A wyvern (D:9)
  Eustachio (D:5)
  A steam dragon (D:8)
  4 water moccasins
  2 orc warriors
  2 black bears
  2 ice beasts
  3 sky beasts
  A necrophage (D:8)
  5 centaurs
  2 ogres
  2 lemures
  A phantom (D:4)
  2 kobold brigands
  4 bullfrogs
  A scorpion (D:5)
  9 killer bees
  A howler monkey (D:9)
  2 centaur zombies
  A bullfrog zombie (D:5)
  An orc priest (D:4)
  A centaur skeleton (D:6)
  2 gnoll shamans (D:9)
  2 hounds
  An iguana (D:7)
  5 orc wizards
  2 hell rats (D:9)
  A statue (D:6)
  15 gnolls
  8 adders
  2 river rats
  2 shadow imps
  An ufetubus (D:5)
  2 adder skeletons
  A dart slug (D:2)
  36 orcs
  4 endoplasms
  3 giant cockroaches
  8 hobgoblins
  7 quokkas
  9 ball pythons
  7 bats
  2 frilled lizards (D:2)
  5 goblins
  18 kobolds
  3 rats
205 creatures vanquished.

Vanquished Creatures (others)
  414 foxfires
414 creatures vanquished.

Grand Total: 619 creatures vanquished

Notes
Turn   | Place    | Note
-------+----------+-------------------------------------------
     0 | D:1      | BeingJoeMalik the Naga Fire Elementalist began the quest
                  | for the Orb.
     0 | D:1      | Reached XP level 1. HP: 15/15 MP: 3/3
   478 | D:1      | Reached XP level 2. HP: 22/22 MP: 3/5
   825 | D:1      | Learned a level 2 spell: Scorch
  1226 | D:2      | Reached XP level 3. HP: 24/28 MP: 3/6
  1712 | D:2      | Reached skill level 4 in Fire Magic
  1712 | D:2      | Reached XP level 4. HP: 35/36 MP: 2/7
  1808 | D:2      | Found Kovveimuw's Antique Armour Emporium.
  1938 | D:3      | Found a broken altar of Ashenzari.
  2247 | D:3      | Found a glowing silver altar of Zin.
  2544 | D:3      | Learned a level 3 spell: Conjure Flame
  2953 | D:4      | Reached XP level 5. HP: 35/42 MP: 4/8
  3162 | D:4      | Noticed an ogre
  3167 | D:4      | Killed an ogre
  3168 | D:4      | Reached skill level 5 in Fire Magic
  3168 | D:4      | Reached XP level 6. HP: 49/49 MP: 1/9
  3875 | D:5      | Entered Level 5 of the Dungeon
  4025 | D:5      | Noticed Pikel
  4124 | D:4      | Killed Pikel
  4125 | D:4      | Reached skill level 5 in Conjurations
  4125 | D:4      | Reached skill level 7 in Fire Magic
  4125 | D:4      | Reached XP level 7. HP: 27/55 MP: 0/10
  4125 | D:4      | Reached XP level 8. HP: 30/62 MP: 0/11
  4413 | D:4      | Reached skill level 8 in Fire Magic
  4621 | D:5      | Learned a level 4 spell: Flame Wave
  4648 | D:5      | Noticed Eustachio
  4969 | D:5      | Reached skill level 9 in Fire Magic
  5207 | D:5      | Killed Eustachio
  5396 | D:5      | Reached XP level 9. HP: 68/68 MP: 10/13
  5490 | D:5      | Found a bloodstained altar of Trog.
  6271 | D:6      | Found Cukhlang's Antique Armour Emporium.
  6363 | D:6      | Reached skill level 10 in Fire Magic
  6630 | D:6      | Found a radiant altar of Vehumet.
  6696 | D:6      | Became a worshipper of Vehumet
  7056 | D:6      | Noticed an eight-headed hydra
  7565 | D:7      | Reached skill level 5 in Spellcasting
  7646 | D:7      | Found a staircase to the Ecumenical Temple.
  7655 | Temple   | Entered the Ecumenical Temple
  8141 | D:7      | Found a shimmering blue altar of Sif Muna.
  8141 | D:7      | Found a burning altar of Makhleb.
  8494 | D:2      | Bought an embroidered cloak for 180 gold pieces
  8809 | D:8      | Reached XP level 10. HP: 75/75 MP: 12/18
  8884 | D:8      | Reached skill level 1 in Shields
  8930 | D:8      | Reached skill level 11 in Fire Magic
  8961 | D:8      | You fall into a shaft and drop 1 floor!
  9052 | D:9      | Reached * piety under Vehumet
  9052 | D:9      | Offered knowledge of Sandblast by Vehumet.
  9426 | D:8      | Found a shimmering altar of Xom.
  9427 | D:8      | Found a shimmering altar of Xom.
  9429 | D:8      | Found a shimmering altar of Xom.
  9769 | D:9      | Noticed a death yak
  9770 | D:9      | Noticed a death yak
  9779 | D:9      | Noticed a death yak
 10271 | D:8      | Killed a death yak
 10633 | D:9      | Found a staircase to the Lair.
 10768 | D:9      | Killed a death yak
 11469 | D:10     | Entered Level 10 of the Dungeon
 11516 | D:9      | Killed a death yak
 11665 | D:10     | Reached XP level 11. HP: 81/81 MP: 16/22
 11800 | D:10     | Reached skill level 12 in Fire Magic
 12189 | D:10     | Noticed a two-headed ogre
 12198 | D:10     | Killed a two-headed ogre
 12198 | D:10     | Noticed a two-headed ogre
 12205 | D:10     | Killed a two-headed ogre
 12205 | D:10     | Noticed a centaur warrior
 12209 | D:10     | Noticed a boulder beetle
 12242 | D:10     | Killed a centaur warrior
 12246 | D:10     | Slain by a boulder beetle

Illustrated notes

Levels and vault maps discovered:
D:1:      sevenhm_arrival_forest_fort_small_3, layout_basic
D:2:      minmay_chambers_of_twos, layout_basic, serial_shops, shop,
          kennysheep_generic_room_8
D:3:      layout_loops_cross, overflow_temple_1_default,
          nicolae_ashenzari_panopticon, minivault_23
D:4:      layout_rooms, minmay_fractal_squares_diagonal_5
D:5:      layout_basic, trog_ov_bears_minmay, uniq_pikel, uniq_eustachio
D:6:      cheibrodos_thug_alley, layout_basic, vehumet_statue, serial_shops,
          shop
D:7:      layout_basic, gammafunk_temple_overflow_elements, temple_fountains
D:8:      layout_cave_pools, xom_redecorated
D:9:      layout_basic, dpeg_lair_monsters
D:10:     minmay_chambers_of_sixes, layout_loops_ring
Temple:   eino_wide_crystal_templ

Skill      XL: |  1  2  3  4  5  6  7  8  9 10 11 |
---------------+----------------------------------+-----
Conjurations   | 2 3 4 5 6 7 |  7.3
Fire Magic     | 4 5 7 9 10 11 12 | 12.3
Spellcasting   | 5 7 8 |  8.4
Shields        | 3 |  3.9
Dodging        | |  1.5
Stealth        | |  3.0

Action                   |  1- 3 |  4- 6 |  7- 9 | 10-12 || total
-------------------------+-------+-------+-------+-------++-------
Melee: Unarmed           |    16 |     3 |       |       ||    19
       Staff             |       |    30 |    10 |       ||    40
       Punch             |       |     2 |       |       ||     2
       Whip              |       |       |    24 |     4 ||    28
Throw: Dart              |       |       |       |     8 ||     8
 Cast: Foxfire           |    41 |    62 |    88 |    46 ||   237
       Scorch            |     2 |    17 |    79 |    86 ||   184
       Conjure Flame     |       |     1 |       |     1 ||     2
       Flame Wave        |       |       |     1 |     7 ||     8
 Abil: Spit Poison       |     3 |    20 |    24 |    11 ||    58
  Use: Scroll            |       |     6 |     1 |    12 ||    19
       Potion            |       |       |       |     9 ||     9
Armor: Robe              |     3 |     9 |       |       ||    12
       Leather armour    |       |     5 |    43 |    40 ||    88
Dodge: Dodged            |    16 |    50 |   106 |    99 ||   271
Block: Buckler           |       |       |       |    12 ||    12
